[Event "Late-Titled-Tuesday-Blitz-May-07-2024"]
[Site "Chess.com"]
[Date "2024.05.07"]
[Round "5"]
[White "duone"]
[Black "besarquis"]
[Result "0-1"]
[WhiteElo "2424"]
[BlackElo "2297"]
[TimeControl "180+1"]
[EndTime "14:53:57 PDT"]
[Termination "besarquis won by checkmate"]

1. Nf3 Nf6 2. c4 e6 3. g3 d5 4. Bg2 Be7 5. O-O O-O 6. b3 c6 7. Bb2 Nbd7 8. Nc3 Re8 9. d4 b6 10. Nd2 Bb7 11. e4 dxe4 12. Ndxe4 Rc8 13. Re1 Nxe4 14.
Nxe4 Nf6 15. Qc2 Qc7 16. Rad1 Rcd8 17. Qb1 Qb8 18. f4 Qa8 19. Ng5 h6 20. Nf3 c5 21.
d5 exd5 22. Ne5 dxc4 23. Bxb7 Qxb7 24. bxc4 Bf8 25. Qf5 Qc8 26. Qc2 Rxd1 27. Rxd1 Rd8 28. Kf2 Bd6 29. Nf3 Ng4+ 30. Kg2 Ne3+ 31. Kf2 Nxc2 32.
Rd2 Nd4 33. Nxd4 cxd4 34. Bxd4 Bc5 35. Bxc5 Rxd2+ 36. Ke3 Qxc5+ 37. Kxd2 Qxc4 38. f5 b5 39. g4 a5 40. h3 b4 41. g5 a4 42. h4 b3 43. g6 bxa2 44. Ke3 a1=Q 45. gxf7+ Kxf7 46. f6 Qac3+ 47. Kf2 Qa2+ 48. Kf1 Qca1# 0-1

[Event "Late-Titled-Tuesday-Blitz-May-07-2024"]
[Site "Chess.com"]
[Date "2024.05.07"]
[Round "5"]
[White "jefferyx"]
[Black "baki83"]
[Result "1/2-1/2"]
[WhiteElo "3122"]
[BlackElo "2935"]
[TimeControl "180+1"]
[EndTime "14:53:58 PDT"]
[Termination "Game drawn by repetition"]

1. c4 e5 2. Nc3 Nc6 3. g3 Nf6 4. Bg2 g6 5. e3 Bg7 6. Nge2 O-O 7.
O-O d6 8. Rb1 Be6 9. Nd5 Qd7 10.
d3 Rac8 11. Nec3 Bh3 12. b4 Bxg2 13. Kxg2 Nxd5 14. cxd5 Ne7 15. e4 c6 16. Qb3 cxd5 17. Nxd5 Nxd5 18. Qxd5 Qc6 19. Qxc6 Rxc6 20. Be3 a6 21.
Rfc1 Rfc8 22. Rxc6 bxc6 23. Rc1 Kf8 24. a4 Ke7 25. b5 axb5 26. axb5 Kd7 27. bxc6+ Rxc6 28. Ra1 h5 29. Kf3 Rc3 30. Ra7+ Rc7 31. Ra8 Rc8 32. Ra7+ Rc7 33. Ra8 Rc8 34. Ra7+ Rc7 1/2-1/2

[Event "Late-Titled-Tuesday-Blitz-May-07-2024"]
[Site "Chess.com"]
[Date "2024.05.07"]
[Round "5"]
[White "protectiago"]
[Black "KebabJangles"]
[Result "0-1"]
[WhiteElo "2061"]
[BlackElo "2367"]
[TimeControl "180+1"]
[EndTime "14:54:03 PDT"]
[Termination "KebabJangles won by resignation"]

1. d4 Nf6 2. c4 g6 3. Nc3 Bg7 4. e4 d6 5. Nf3 O-O 6. Be2 e5 7. Be3 Ng4 8. Bg5 f6 9. Bh4 Qe8 10. O-O Nc6 11. d5 Ne7 12. Ne1 Nh6 13. Nd3 f5 14. f3 f4 15. c5 Bf6 16. Bf2 Nf7 17. Rc1 Bd7 18. b4 g5 19. Qb3 h5 20. b5 b6 21. cxd6 Nxd6 22. a4 g4 23. Nb4 Qg6 24.
Nc6 g3 25. hxg3 fxg3 26. Be3 Bg5 27. Bxg5 Qxg5 28. Nxe7+ Qxe7 29. Nd1 Qh4 0-1

[Event "Late-Titled-Tuesday-Blitz-May-07-2024"]
[Site "Chess.com"]
[Date "2024.05.07"]
[Round "5"]
[White "Sinquefield"]
[Black "shirovin"]
[Result "1-0"]
[WhiteElo "2534"]
[BlackElo "2097"]
[TimeControl "180+1"]
[EndTime "14:54:04 PDT"]
[Termination "Sinquefield won on time"]

1. e4 Nf6 2. d3 e5 3. Nf3 Nc6 4. Nbd2 Bc5 5. Be2 O-O 6. O-O d6 7. c3 a5 8. b3 Bg4 9. a3 Bb6 10. Rb1 Ne7 11. b4 Ng6 12. Nc4 Nf4 13. Bxf4 exf4 14.
Nxb6 cxb6 15. Nd4 h5 16. Qd2 Re8 17. Bxg4 Nxg4 18. Qxf4 Rc8 19. bxa5 Rxc3 20. Rxb6 Rxd3 21. Rxb7 Nf6 22. Nf5 Rxe4 23. Qg5 Rg4 24. Nh6+ Kh7 25. Nxg4 hxg4 26. Qf5+ Kg8 27. Qxd3 d5 28. a6 Qa5 29.
Rb8+ 1-0

[Event "Late-Titled-Tuesday-Blitz-May-07-2024"]
[Site "Chess.com"]
[Date "2024.05.07"]
[Round "5"]
[White "grzechu96"]
[Black "IndianSchoolOfSuffering"]
[Result "1-0"]
[WhiteElo "2791"]
[BlackElo "2413"]
[TimeControl "180+1"]
[EndTime "14:54:07 PDT"]
[Termination "grzechu96 won by resignation"]

1. e4 e5 2. Nf3 Nc6 3. Bc4 Bc5 4. O-O Nf6 5. d3 a6 6. c3 d6 7. Bb3 Ba7 8. Re1 h6 9. Nbd2 O-O 10. h3 Be6 11.
Bc2 Ne7 12. Nf1 Ng6 13. Ng3 c6 14. d4 Qc7 15. Be3 Rfe8 16. Qd2 Kh7 17. a4 Rad8 18.
Rad1 a5 19. Qc1 Bb6 20. b3 Ba7 21. c4 c5 22. d5 Bc8 23. Nf5 Ng8 24. g4 Bb6 25. h4 f6 26. Kg2 Qf7 27. Rh1 Bc7 28. g5 Bxf5 29. exf5 1-0

[Event "Late-Titled-Tuesday-Blitz-May-07-2024"]
[Site "Chess.com"]
[Date "2024.05.07"]
[Round "5"]
[White "Vincefm"]
[Black "nindjaxx8"]
[Result "0-1"]
[WhiteElo "2495"]
[BlackElo "2637"]
[TimeControl "180+1"]
[EndTime "14:54:09 PDT"]
[Termination "nindjaxx8 won by resignation"]

1. e4 e6 2. Qe2 c5 3. g3 Nc6 4.
Nf3 Nf6 5. Bg2 d5 6. d3 dxe4 7. dxe4 Be7 8. O-O O-O 9. c3 Qc7 10. Re1 Rd8 11. Nbd2 b6 12. Nf1 Bb7 13. h4 a5 14.
N3h2 Ba6 15. Qe3 Rd3 16. Qf4 e5 17. Qg5 h6 18. Qf5 Bc8 19. Qf3 Rxf3 20. Nxf3 Ba6 21.
Ne3 Rd8 22. Nf5 Bf8 23. b3 Ne7 24. Nxe7+ Qxe7 25. Bh3 c4 26. Bb2 cxb3 27. axb3 Bd3 28. Nd2 Bc2 29. Nc4 Qc7 30. Bf5 Bxb3 31. Ne3 Be6 32.
Bxe6 fxe6 33. c4 Bc5 34. Nc2 Bd4 35. Bxd4 exd4 36. e5 Nd7 37. Rad1 Nxe5 38. Nxd4 Rxd4 39. Rxd4 Nf3+ 40. Kg2 Nxd4 41. Re5 Qxe5 0-1

[Event "Late-Titled-Tuesday-Blitz-May-07-2024"]
[Site "Chess.com"]
[Date "2024.05.07"]
[Round "5"]
[White "Seppppppy"]
[Black "tolimachess"]
[Result "0-1"]
[WhiteElo "2173"]
[BlackElo "2423"]
[TimeControl "180+1"]
[EndTime "14:54:16 PDT"]
[Termination "tolimachess won on time"]

1. d4 Nf6 2. c4 e6 3. Nc3 Bb4 4. f3 c5 5. d5 exd5 6. cxd5 Qa5 7. Bd2 d6 8. e4 O-O 9. Bd3 Re8 10. Nge2 a6 11. a3 Bxc3 12. Bxc3 Qc7 13. Bxf6 gxf6 14. Qd2 Nd7 15. Ng3 Ne5 16. Nh5 Kf8 17. Qh6+ Ke7 18. Qxf6+ Kd7 19. Bc2 Rg8 20. f4 Qa5+ 21. Kd1 Rg6 22. Qh4 Rxg2 23. Qh3+ Kc7 24. Qxg2 Bg4+ 25.
Kc1 Nc4 26. Qxg4 Qd2+ 27. Kb1 Qd4 28. Qg7 Nd2+ 29. Kc1 Qe3 30. Qxf7+ Kb6 31. Kd1 Nc4 0-1

[Event "Late-Titled-Tuesday-Blitz-May-07-2024"]
[Site "Chess.com"]
[Date "2024.05.07"]
[Round "5"]
[White "Nf3c5"]
[Black "Chess_Star1234"]
[Result "1-0"]
[WhiteElo "2624"]
[BlackElo "2481"]
[TimeControl "180+1"]
[EndTime "14:54:20 PDT"]
[Termination "Nf3c5 won by resignation"]

1. e4 e5 2. Nf3 Nc6 3. Nc3 Nf6 4. h3 Bb4 5. Nd5 Bc5 6. c3 O-O 7. d3 h6 8. Nxf6+ Qxf6 9. g4 d6 10. g5 Qe6 11. gxh6 gxh6 12. Rg1+ Kh7 13. a3 Bb6 14. Ng5+ hxg5 15. Rxg5 1-0

[Event "Late-Titled-Tuesday-Blitz-May-07-2024"]
[Site "Chess.com"]
[Date "2024.05.07"]
[Round "5"]
[White "simaopdias"]
[Black "ElCoachRene"]
[Result "1-0"]
[WhiteElo "2300"]
[BlackElo "1972"]
[TimeControl "180+1"]
[EndTime "14:54:20 PDT"]
[Termination "simaopdias won by resignation"]

1. e4 Nc6 2. Nf3 d5 3. exd5 Qxd5 4. Nc3 Qa5 5. Bc4 Bg4 6. h3 Qh5 7. O-O Bxf3 8. Qxf3 Qxf3 9. gxf3 Nd4 10. Nb5 Nxf3+ 11. Kg2 Ne5 12. Nxc7+ Kd7 13. Nxa8 Nxc4 14. d3 Nd6 15. Bf4 f6 16. d4 e6 17. a4 Nh6 18.
c4 Be7 19. c5 Nc4 20. b3 Na5 21. b4 Nc6 22. Nc7 a6 23. b5 axb5 24. Nxb5 e5 25. Bxh6 gxh6 26. d5 Nd4 27. d6 Bf8 28. Nxd4 Rg8+ 29. Kf3 exd4 30. Rg1 Bg7 31. Ke4 f5+ 32. Kd5 Re8 33. Rxg7+ 1-0

[Event "Late-Titled-Tuesday-Blitz-May-07-2024"]
[Site "Chess.com"]
[Date "2024.05.07"]
[Round "5"]
[White "SRob2003"]
[Black "ChessWarrior7197"]
[Result "0-1"]
[WhiteElo "2690"]
[BlackElo "3136"]
[TimeControl "180+1"]
[EndTime "14:54:23 PDT"]
[Termination "ChessWarrior7197 won by checkmate"]

1. d4 Nf6 2. c4 e6 3. Nf3 c5 4.
d5 exd5 5. cxd5 d6 6. Nc3 g6 7. e4 Bg7 8. Be2 O-O 9. Be3 a6 10. a4 b6 11. Nd2 Ra7 12. O-O Re7 13. f3 Nbd7 14. Nc4 Ne5 15. Rb1 Nxc4 16. Bxc4 Nh5 17. Qd3 f5 18. Bxa6 Bxa6 19. Qxa6 Nf6 20. Qc4 fxe4 21. fxe4 Ng4 22. Bg5 Bd4+ 23. Kh1 Nf2+ 24. Rxf2 Rxf2 25. Bh4 Rf8 26. Rf1 Bxc3 27. Rxf8+ Qxf8 28. Bxe7 Qf2 29. h3 Qe1+ 30. Kh2 Be5+ 31. g3 Qxg3+ 32.
Kh1 Qh2# 0-1

[Event "Late-Titled-Tuesday-Blitz-May-07-2024"]
[Site "Chess.com"]
[Date "2024.05.07"]
[Round "5"]
[White "ccccvhhhj"]
[Black "StellarChess"]
[Result "0-1"]
[WhiteElo "2487"]
[BlackElo "2628"]
[TimeControl "180+1"]
[EndTime "14:54:23 PDT"]
[Termination "StellarChess won on time"]

1. e4 b6 2. d4 Bb7 3. Bg5 h6 4.
Bh4 g5 5. Bg3 Bg7 6. Nc3 a6 7.
Qd2 b5 8. f3 d6 9. O-O-O Nd7 10. Kb1 c5 11. Bf2 Ngf6 12. h4 g4 13. e5 dxe5 14. dxe5 Nxe5 15. Qe1 Qc7 16. Bg3 Nh5 17.
fxg4 Nxg3 18. Qxg3 b4 19. Nd5 Bxd5 20. Rxd5 Rd8 21.
Rxd8+ Qxd8 22. Be2 Qd4 23. c3 Qd2 0-1

[Event "Late-Titled-Tuesday-Blitz-May-07-2024"]
[Site "Chess.com"]
[Date "2024.05.07"]
[Round "5"]
[White "dealshark"]
[Black "Denisenko_Denis"]
[Result "0-1"]
[WhiteElo "2542"]
[BlackElo "2404"]
[TimeControl "180+1"]
[EndTime "14:54:23 PDT"]
[Termination "Denisenko_Denis won by resignation"]

1. e4 e5 2. Nf3 Nf6 3. Nxe5 Nxe4 4. Qe2 Qe7 5. Qxe4 d6 6. d4 dxe5 7. dxe5 Nc6 8. Nc3 Qxe5 9. Bc4 Bd6 10. O-O O-O 11.
Qxe5 Nxe5 12. Bb3 a6 13. Ne4 Be7 14. Bf4 Bd6 15. Nxd6 cxd6 16. Rad1 Be6 17. Rxd6 Bxb3 18. axb3 Ng6 19. Bg3 Rac8 20. c4 Rfe8 21. Rfd1 b5 22. Rxa6 bxc4 23. bxc4 Rxc4 24. Rb6 Rd4 25. Ra1 f5 26. f3 f4 27. Bf2 Rd2 28. Re1 Rc8 29. b4 Rcc2 30. Rf1 Ne5 31. b5 Nd3 32. Rc6 Rb2 33.
Be1 Rxg2+ 0-1

[Event "Late-Titled-Tuesday-Blitz-May-07-2024"]
[Site "Chess.com"]
[Date "2024.05.07"]
[Round "5"]
[White "MuhittinBuker"]
[Black "Romadk"]
[Result "0-1"]
[WhiteElo "2198"]
[BlackElo "2506"]
[TimeControl "180+1"]
[EndTime "14:54:23 PDT"]
[Termination "Romadk won by checkmate"]

1. d4 Nf6 2. c4 e6 3. Nf3 d5 4. Nc3 Bb4 5. Bg5 h6 6. Bh4 g5 7. Bg3 Ne4 8. Qc2 h5 9. Nd2 h4 10. Ndxe4 dxe4 11. d5 hxg3 12. Qa4+ Bd7 13. Qxb4 Rxh2 14.
Rg1 gxf2+ 15. Kxf2 Qf6+ 16. Ke1 e3 17. Nd1 b5 18.
Nxe3 Na6 19. Qd2 Qf4 20. Rd1 Qg3# 0-1

[Event "Late-Titled-Tuesday-Blitz-May-07-2024"]
[Site "Chess.com"]
[Date "2024.05.07"]
[Round "5"]
[White "AreYouTokkieToMe"]
[Black "WindWhistler11"]
[Result "0-1"]
[WhiteElo "2308"]
[BlackElo "2536"]
[TimeControl "180+1"]
[EndTime "14:54:26 PDT"]
[Termination "WindWhistler11 won by resignation"]

1. c4 e6 2. g3 Nf6 3. Bg2 d5 4. Nf3 a6 5. O-O b5 6. b3 Be7 7.
d4 O-O 8. Nbd2 Bb7 9. a4 bxc4 10. bxc4 c5 11. Qb3 Ra7 12. Bb2 Ba8 13. Rfd1 Nc6 14.
cxd5 Rb7 15. Qc3 Nxd5 16. Qc1 cxd4 17. Nxd4 Nxd4 18. Bxd4 Qb8 19. Nc4 Rc8 20. e4 Nb4 21. Bf1 Rbc7 22. Be5 Rxc4 23. Qxc4 Qb7 24. Qb3 Qxe4 25.
f3 Qxe5 0-1

[Event "Late-Titled-Tuesday-Blitz-May-07-2024"]
[Site "Chess.com"]
[Date "2024.05.07"]
[Round "5"]
[White "brouetoscope"]
[Black "Perecke"]
[Result "0-1"]
[WhiteElo "2328"]
[BlackElo "2547"]
[TimeControl "180+1"]
[EndTime "14:54:28 PDT"]
[Termination "Perecke won by resignation"]

1. e4 c5 2. Nf3 e6 3. c4 Nc6 4.
Be2 Nge7 5. O-O Nd4 6. Nxd4 cxd4 7. d3 Nc6 8. f4 Be7 9. Nd2 O-O 10. Nf3 f5 11. a3 a5 12. Kh1 d6 13. Bd2 b6 14. b4 axb4 15. axb4 fxe4 16. Rxa8 exf3 17. Bxf3 Qc7 18. Ra5 bxa5 19. b5 Nb4 20. Qb3 Bb7 21.
Bxb7 Qxb7 22. Bxb4 axb4 23. Qxb4 d5 24. c5 Rc8 25. Rc1 Qb6 26. Qxd4 Rxc5 27. Rxc5 Qxc5 28. Qa1 Qxb5 29. Qd1 Qb2 30. h3 Qf2 31. Qg4 Qe1+ 32. Kh2 Bd6 33. g3 Bc5 0-1

[Event "Late-Titled-Tuesday-Blitz-May-07-2024"]
[Site "Chess.com"]
[Date "2024.05.07"]
[Round "5"]
[White "Pig-filth"]
[Black "campochess"]
[Result "0-1"]
[WhiteElo "2312"]
[BlackElo "2170"]
[TimeControl "180+1"]
[EndTime "14:54:30 PDT"]
[Termination "campochess won by resignation"]

1. d4 Nf6 2. Bg5 e6 3. Nd2 d5 4. Ngf3 Be7 5. e3 Nbd7 6. Bd3 Nf8 7. c3 Ng6 8. Ne5 Nxe5 9. dxe5 Nd7 10. Bf4 g5 11. Bg3 h5 12. h3 c5 13. Nf3 a6 14. h4 g4 15. Ng5 Bxg5 16. hxg5 Qxg5 17. Bf4 Qg7 18. e4 Nxe5 19. exd5 Nxd3+ 20. Qxd3 e5 21. Be3 Qg6 22. Qxg6 fxg6 23. Bxc5 Bf5 24. O-O-O O-O-O 25. Rhe1 e4 26. c4 h4 27. Bb6 Rd7 28. c5 h3 29.
gxh3 gxh3 30. b4 h2 31. d6 Bg4 32. Rh1 Bf3 33. Kd2 Rf7 34. Ke3 Kd7 35. Rde1 Rh3 36. Kd4 Bxh1 37. Rxh1 Rxf2 38. Kxe4 Rg2 39. c6+ Kxc6 40.
d7 Kxd7 41. Bc5 Rxa2 42. Kf4 Kc6 43. Kg4 Rh5 0-1

[Event "Late-Titled-Tuesday-Blitz-May-07-2024"]
[Site "Chess.com"]
[Date "2024.05.07"]
[Round "5"]
[White "stollenmonster"]
[Black "ellatambien"]
[Result "1-0"]
[WhiteElo "2870"]
[BlackElo "2681"]
[TimeControl "180+1"]
[EndTime "14:54:33 PDT"]
[Termination "stollenmonster won by resignation"]

1. e4 e5 2. Nc3 Nf6 3. g3 Bc5 4. Bg2 d6 5. h3 a5 6. Nge2 Nc6 7.
d3 Be6 8. Nd5 Bxd5 9. exd5 Nd4 10.
O-O Nxe2+ 11. Qxe2 O-O 12. Kh2 b5 13. c3 b4 14. f4 bxc3 15. bxc3 Re8 16. fxe5 Rxe5 17.
Qf3 Bb6 18. d4 Re8 19. Bg5 h6 20. Bh4 g5 21. Bxg5 hxg5 22. Qxf6 Qxf6 23. Rxf6 Re2 24. Raf1 Rae8 25. Kh1 Rxa2 26. Bf3 Re7 27. Bh5 Kg7 28.
R6f5 f6 29. Rxf6 Ra1 30. Rg6+ Kh7 31. Rxa1 1-0

[Event "Late-Titled-Tuesday-Blitz-May-07-2024"]
[Site "Chess.com"]
[Date "2024.05.07"]
[Round "5"]
[White "Balla_Tamas"]
[Black "NMJeevanK"]
[Result "0-1"]
[WhiteElo "2522"]
[BlackElo "2758"]
[TimeControl "180+1"]
[EndTime "14:54:37 PDT"]
[Termination "NMJeevanK won by resignation"]

1. e4 d6 2. d4 Nf6 3. Nc3 e5 4. Nf3 Nbd7 5. Bc4 Be7 6. O-O O-O 7. a4 h6 8. b3 c6 9. Bb2 Re8 10. Qe2 Bf8 11. Rad1 exd4 12. Rxd4 d5 13. Nxd5 cxd5 14. Bxd5 Qe7 15. Rfd1 Nb6 16. Qd2 Bg4 17. Qf4 Bxf3 18. gxf3 Nbxd5 19. exd5 Rad8 20. d6 Qd7 21. Kh1 Qh3 22. Rg1 Bxd6 23. Rxd6 Rxd6 24. Bxf6 g6 25. Bc3 Rde6 26. Qd4 Qxf3+ 27. Rg2 Re1+ 0-1

[Event "Late-Titled-Tuesday-Blitz-May-07-2024"]
[Site "Chess.com"]
[Date "2024.05.07"]
[Round "5"]
[White "jaramsdal"]
[Black "N_Mullodzhanov"]
[Result "0-1"]
[WhiteElo "2392"]
[BlackElo "2559"]
[TimeControl "180+1"]
[EndTime "14:54:37 PDT"]
[Termination "N_Mullodzhanov won by resignation"]

1. e4 c5 2. a3 Nf6 3. b4 cxb4 4. e5 Nd5 5. axb4 Nxb4 6. c3 Nd5 7. d4 e6 8. Bd3 Nc6 9. Nf3 Be7 10. Ba3 f5 11.
exf6 Nxf6 12. Nbd2 O-O 13. O-O Bxa3 14. Rxa3 Qe7 15.
Ra4 a6 16. Qe2 Qe8 17. Ng5 Ne7 18. Nde4 Nxe4 19. Qxe4 Ng6 20. Nxh7 Kxh7 21. Ra5 d5 22. Qe3 Kg8 23. g3 Bd7 24. Qg5 Rf6 25. Re1 Bb5 26. Bc2 Rc8 27. Ra3 Qf8 28. Bxg6 Qxa3 29. Qh5 Rxg6 30.
Qxg6 Bd7 31. Re5 Qc1+ 32. Kg2 Qxc3 33. Rg5 Qxd4 34. h4 Qe4+ 35. Qxe4 dxe4 0-1

[Event "Late-Titled-Tuesday-Blitz-May-07-2024"]
[Site "Chess.com"]
[Date "2024.05.07"]
[Round "5"]
[White "elchacal664"]
[Black "Kirill_Klukin"]
[Result "0-1"]
[WhiteElo "2376"]
[BlackElo "2823"]
[TimeControl "180+1"]
[EndTime "14:54:38 PDT"]
[Termination "Kirill_Klukin won on time"]

1. e4 e6 2. d4 d5 3. Nc3 Nf6 4. e5 Nfd7 5. f4 c5 6. Nf3 Nc6 7. Be3 a6 8. Be2 b5 9. O-O Qb6 10. f5 cxd4 11. Bf2 Bc5 12. fxe6 fxe6 13. Nb1 O-O 14. Nbd2 Ncxe5 15. Nxe5 Nxe5 16. Nb3 Nc6 17. c3 e5 18. Nxc5 Qxc5 19. cxd4 Nxd4 20. Rc1 Qxc1 21. Qxd4 Qxf1+ 22. Bxf1 exd4 0-1

[Event "Late-Titled-Tuesday-Blitz-May-07-2024"]
[Site "Chess.com"]
[Date "2024.05.07"]
[Round "5"]
[White "Assumpcaos"]
[Black "GianmarcoVaR"]
[Result "0-1"]
[WhiteElo "2216"]
[BlackElo "2764"]
[TimeControl "180+1"]
[EndTime "14:54:39 PDT"]
[Termination "GianmarcoVaR won by resignation"]

1. d4 Nf6 2. c4 e6 3. Nc3 Bb4 4. e3 O-O 5. Bd3 d6 6. Nf3 Qe7 7. Qc2 e5 8. dxe5 dxe5 9. Be2 Bg4 10. h3 Bh5 11. O-O Bxc3 12. Qxc3 e4 13. Nd4 Bxe2 14. Nxe2 Nc6 15. b3 Rad8 16. Nf4 Qe5 17. Bb2 Qg5 18.
Rad1 Rde8 19. Nd5 Nxd5 20. Rxd5 Qg6 21. Rd7 Rc8 22. Rfd1 Rfe8 23. R1d5 h6 24. b4 f6 25. h4 Ne5 26. Rxe5 Rxe5 27. Qd2 Ree8 28. Qd5+ Kh8 29. b5 h5 30. Qxb7 Qg4 31. Rxc7 Qd1+ 32. Kh2 Qd6+ 0-1

[Event "Late-Titled-Tuesday-Blitz-May-07-2024"]
[Site "Chess.com"]
[Date "2024.05.07"]
[Round "5"]
[White "FairChess_on_YouTube"]
[Black "Fins0905"]
[Result "1-0"]
[WhiteElo "3072"]
[BlackElo "2740"]
[TimeControl "180+1"]
[EndTime "14:54:40 PDT"]
[Termination "FairChess_on_YouTube won by resignation"]

1. c4 c6 2. Nf3 d5 3. d4 Nf6 4. Nc3 dxc4 5. e4 b5 6. Be2 Bg4 7. O-O e6 8. a4 b4 9. e5 Nd5 10.
Ne4 h6 11. Bxc4 Be7 12. h3 Bf5 13. Ng3 Bg6 14. Bd3 O-O 15. Bxg6 fxg6 16. Qd3 Qe8 17. Bd2 Nd7 18. Rfc1 c5 19. Ne4 cxd4 20. Nxd4 Nxe5 21. Qg3 Nd7 22. Nxe6 Rf5 23. Nc7 Nxc7 24. Rxc7 Bd8 25.
Nd6 Qe6 26. Nxf5 Bxc7 27. Nxh6+ gxh6 28. Qxc7 g5 29. Re1 Qf7 30. Bxb4 Nf6 31. Re7 Qg6 32. Qc4+ Kh8 33. Bc3 Rf8 34. Rxa7 g4 35. Qxg4 1-0

[Event "Late-Titled-Tuesday-Blitz-May-07-2024"]
[Site "Chess.com"]
[Date "2024.05.07"]
[Round "5"]
[White "egnfanclub"]
[Black "Bala-Afiada"]
[Result "1-0"]
[WhiteElo "2338"]
[BlackElo "2011"]
[TimeControl "180+1"]
[EndTime "14:54:40 PDT"]
[Termination "egnfanclub won on time"]

1. e4 c5 2. Nc3 Nc6 3. f4 d6 4. Nf3 e6 5. Bc4 Nge7 6. d3 g6 7. O-O Bg7 8. Qe1 O-O 9. Bb3 Rb8 10. Qh4 b5 11. f5 exf5 12. Bg5 Qb6 13. Kh1 Rb7 14. Bh6 c4 15. Ng5 Qd4 16. Nxh7 Bxh6 17.
Qxh6 Qg7 18. Qxg7+ Kxg7 19. Nxf8 cxb3 20. axb3 Kxf8 21.
Nd5 Nxd5 22. exd5 Ne5 23. d4 Ng4 24. Ra6 Ke7 25. Re1+ Kd7 26. c4 bxc4 27. bxc4 Ne3 28. Rxe3 Rxb2 29. Rxa7+ Bb7 30. Kg1 1-0

[Event "Late-Titled-Tuesday-Blitz-May-07-2024"]
[Site "Chess.com"]
[Date "2024.05.07"]
[Round "5"]
[White "The_Machine04"]
[Black "PhileKhoob"]
[Result "1-0"]
[WhiteElo "2784"]
[BlackElo "2345"]
[TimeControl "180+1"]
[EndTime "14:54:42 PDT"]
[Termination "The_Machine04 won by resignation"]

1. d4 d5 2. Nf3 Nf6 3. e3 c5 4. c3 Nc6 5. Nbd2 e6 6. Bd3 Qc7 7. O-O b6 8. Re1 Be7 9. e4 dxe4 10. Nxe4 O-O 11. Nxf6+ Bxf6 12. dxc5 bxc5 13. Qe2 Bb7 14. Be3 Ne7 15. Rad1 Rfd8 16. h3 Nd5 17. Bc1 Nf4 18. Bxf4 Qxf4 19. Nh2 g6 20. Qg4 Qc7 21.
Be4 h5 22. Qf3 Bxe4 23. Qxe4 Rxd1 24. Qxa8+ Rd8 25. Qf3 Qb6 26. Qxf6 Rd2 27. Nf3 Rxb2 28. Rd1 1-0

[Event "Late-Titled-Tuesday-Blitz-May-07-2024"]
[Site "Chess.com"]
[Date "2024.05.07"]
[Round "5"]
[White "Noki102"]
[Black "Adar_07"]
[Result "1-0"]
[WhiteElo "2574"]
[BlackElo "2721"]
[TimeControl "180+1"]
[EndTime "14:54:42 PDT"]
[Termination "Noki102 won by resignation"]

1. d4 Nf6 2. Nc3 e6 3. Bf4 Bb4 4. e3 c5 5. Ne2 Nc6 6. a3 Bxc3+ 7. Nxc3 O-O 8. dxc5 e5 9. Bg5 d5 10. cxd6 Be6 11. Ne4 Rc8 12. Bd3 Bd5 13. Nxf6+ gxf6 14. Bh6 Kh8 15. Bxf8 Qxf8 16. Bf5 Be6 17. Qh5 Qg7 18. O-O-O Rd8 19. d7 Bxf5 20. Qxf5 Ne7 21. Qf3 Nc6 22. g4 Qg6 23. h4 e4 24. Qf4 Ne5 25. g5 Nxd7 26.
Qc7 1-0

[Event "Late-Titled-Tuesday-Blitz-May-07-2024"]
[Site "Chess.com"]
[Date "2024.05.07"]
[Round "5"]
[White "dianamirza"]
[Black "schondeln"]
[Result "0-1"]
[WhiteElo "1939"]
[BlackElo "2368"]
[TimeControl "180+1"]
[EndTime "14:54:43 PDT"]
[Termination "schondeln won by resignation"]

1. e4 d5 2. exd5 Qxd5 3. Nc3 Qa5 4. d4 Nf6 5. Nf3 Bf5 6. Bd2 c6 7. Ne4 Qc7 8. Nxf6+ gxf6 9. Bc4 e6 10. Qe2 Nd7 11. O-O-O O-O-O 12. Bd3 Bg6 13. Nh4 Bd6 14.
Nxg6 hxg6 15. g3 Kb8 16. f4 f5 17. Kb1 c5 18. dxc5 Nxc5 19. Bc3 Rhe8 20. Bf6 Rc8 21. Bb5 Ne4 22. Bxe8 Nxf6 23. Ba4 Qb6 24. Bb3 Ne4 25. Rhe1 Be7 26. Rd7 Rc7 27. Rxc7 Qxc7 28. Rd1 Bf6 29. Qc4 Qb6 30. a4 a6 31. Ka2 Ka7 32. c3 Nc5 33.
Bc2 a5 34. Qb5 Qc7 35. b4 axb4 36. cxb4 Na6 37. Qd3 Nxb4+ 0-1

[Event "Late-Titled-Tuesday-Blitz-May-07-2024"]
[Site "Chess.com"]
[Date "2024.05.07"]
[Round "5"]
[White "Sacbutt"]
[Black "CarlosjPineror"]
[Result "0-1"]
[WhiteElo "2329"]
[BlackElo "2655"]
[TimeControl "180+1"]
[EndTime "14:54:44 PDT"]
[Termination "CarlosjPineror won by resignation"]

1. d4 Nf6 2. c4 d6 3. Nc3 e5 4. Nf3 e4 5. Nd2 Bf5 6. e3 Qe7 7. Be2 h5 8. Qc2 g6 9. b4 Nc6 10. Qb3 Bg7 11. Bb2 a5 12. b5 Nb8 13. a4 Nbd7 14. Rc1 O-O 15. h3 h4 16. O-O c5 17. Rfe1 Rfe8 18. Bf1 b6 19. d5 Nf8 20.
Ne2 N8h7 21. Kh1 g5 22. Ng1 Qd7 23. f3 Re7 24. fxe4 Nxe4 25. Nxe4 Bxe4 26. Bxg7 Kxg7 27. Bd3 Rae8 28. Bxe4 Rxe4 29. Rc2 Nf6 30. Rce2 Nh5 31.
Qc3+ f6 32. Kh2 Ng3 33. Rf2 Qe7 34. Nf3 Kg6 35. Qd3 f5 36. Nd2 Rxe3 37. Rxe3 Qxe3 38.
Qc2 Qxf2 0-1

[Event "Late-Titled-Tuesday-Blitz-May-07-2024"]
[Site "Chess.com"]
[Date "2024.05.07"]
[Round "5"]
[White "profaVa"]
[Black "AungTZ"]
[Result "1-0"]
[WhiteElo "2376"]
[BlackElo "2088"]
[TimeControl "180+1"]
[EndTime "14:54:44 PDT"]
[Termination "profaVa won on time"]

1. e4 c5 2. Nf3 Nc6 3. c3 Nf6 4. e5 Nd5 5. d4 cxd4 6. cxd4 d6 7. Bc4 e6 8. exd6 Bxd6 9. Nc3 Nxc3 10. bxc3 O-O 11. Bd3 Be7 12. h4 h6 13. Qe2 Qa5 14. Bd2 Rd8 15. Kf1 Bf8 16. Rh3 Kh8 17. c4 Qc7 18.
Rg3 Ne7 19. Qe4 f5 20. Qe5 Qd7 21. Bxh6 Nc6 22. Bxg7+ Bxg7 23. Qf4 Nxd4 24. Ne5 Qe8 25. Qg5 Qg8 26. Qh5+ Qh7 27. Nf7+ Kg8 28. Qxh7+ Kxh7 29. Nxd8 1-0

[Event "Late-Titled-Tuesday-Blitz-May-07-2024"]
[Site "Chess.com"]
[Date "2024.05.07"]
[Round "5"]
[White "Blackmind96"]
[Black "ArtemDyachuk"]
[Result "1-0"]
[WhiteElo "2894"]
[BlackElo "2701"]
[TimeControl "180+1"]
[EndTime "14:54:45 PDT"]
[Termination "Blackmind96 won by resignation"]

1. d4 Nf6 2. c4 e6 3. Nc3 c5 4. d5 exd5 5. cxd5 d6 6. e4 g6 7. f4 Bg7 8. Bb5+ Nfd7 9. Nf3 O-O 10.
O-O Nf6 11. h3 a6 12. Bd3 Nfd7 13. a3 b5 14. Be3 Bb7 15. Qd2 Re8 16. Rae1 Nb6 17.
Qf2 N8d7 18. f5 Rf8 19. Bg5 f6 20. Bf4 Qe7 21. fxg6 hxg6 22. Qg3 Ne5 23. Nxe5 fxe5 24. Bg5 Qc7 25. Be2 Rxf1+ 26. Rxf1 Rf8 27. Rxf8+ Kxf8 28. Be3 Kf7 29. Bg4 Bc8 30. Be6+ Bxe6 31. dxe6+ Kxe6 32. Qxg6+ Bf6 33. Nd5 Nxd5 34. exd5+ Ke7 35. Qh7+ Kd8 36.
Qg8+ Kd7 37. Qe6+ Kd8 38. Qxf6+ Kc8 39. Bg5 Qa5 1-0

[Event "Late-Titled-Tuesday-Blitz-May-07-2024"]
[Site "Chess.com"]
[Date "2024.05.07"]
[Round "5"]
[White "TheoSlade"]
[Black "andrew-blr"]
[Result "1-0"]
[WhiteElo "2476"]
[BlackElo "2593"]
[TimeControl "180+1"]
[EndTime "14:54:45 PDT"]
[Termination "TheoSlade won by resignation"]

1. d4 d5 2. c4 e6 3. Nf3 c5 4. cxd5 exd5 5. Nc3 Nc6 6. dxc5 d4 7. Na4 Bxc5 8. Nxc5 Qa5+ 9. Qd2 Qxc5 10. e3 dxe3 11. Qxe3+ Qxe3+ 12. Bxe3 Nge7 13. Bc4 Be6 14. Bxe6 fxe6 15.
O-O Nd5 16. Rfe1 O-O-O 17. Rac1 Kb8 18. Bg5 Rde8 19. Ne5 Nxe5 20. Rxe5 h6 21. Bh4 Nb4 22. Bg3 Ka8 23. Rc7 Rc8 24. Rxe6 Rxc7 25. Bxc7 Nxa2 26. Rg6 Re8 27. f4 Re7 28. Be5 b5 29. Rxg7 Re6 30. Bd4 a6 31. f5 Rd6 32. f6 Rxd4 33. f7 Rf4 34. Rg8+ Kb7 35. f8=Q Rxf8 36. Rxf8 a5 37. Rh8 Nc1 38. Rxh6 Nd3 39. b3 Nc1 40. Rh3 Kc6 41.
Rc3+ Kd5 42. Rxc1 1-0